 Dungeon Crawl Stone Soup version 0.26-a0-365-g11c2b627af (webtiles) character file.

Game seed: 1844424823676555434

0 Corto the Digger (level 1, 0/10 HPs)
             Began as a Gargoyle Earth Elementalist on July 19, 2020.
             Slain by a giant cockroach (2 damage)
             ... on level 1 of the Dungeon.
             The game lasted 00:00:27 (43 turns).

Corto the Digger (Gargoyle Earth Elementalist)        Turns: 43, Time: 00:00:27

Health: 0/10       AC:  4    Str: 11    XL:     1   Next: 10%
Magic:  3/3        EV: 12    Int: 15    God:
Gold:   0          SH:  0    Dex: 10    Spells: 3/4 levels left

rFire    . . .     SeeInvis .   (no weapon)
rCold    . . .     Faith    .   (no shield)
rNeg     + . .     Spirit   .   c - +0 robe
rPois    ∞         Reflect  .   (no helmet)
rElec    +         Harm     .   (no cloak)
rCorr    .                      (no gloves)
MR       .....                  (no boots)
Stlth    ++........             (no amulet)
HPRegen  0.03/turn              (no ring)
MPRegen  0.08/turn              (no ring)

@: no status effects
A: negative energy resistance 1, electricity resistance, unbreathing,
petrification resistance, rot immunity, AC +2
a: no special abilities


You were on level 1 of the Dungeon.
You visited 1 branch of the dungeon, and saw 1 of its levels.

Inventory:

Missiles
 b - 30 stones (quivered)
Armour
 c - a +0 robe (worn)


   Skills:
 - Level 1.5 Dodging
 - Level 2.1 Stealth
 + Level 2.0 Spellcasting
   Level 0.7 Transmutations
 + Level 3.6 Earth Magic


You had 3 spell levels left.
You knew the following spells:

 Your Spells              Type           Power        Failure   Level
a - Sandblast             Erth           ##....       4%          1

Your spell library contained the following spells:

 Spells                   Type           Power        Failure   Level
 Passwall                 Tmut/Erth      #.......     14%         2
 Stone Arrow              Conj/Erth      #.....       30%         3
 Petrify                  Tmut/Erth      #.......     65%         4
 Lee's Rapid Deconstruct  Erth           ##........   80%         5


Dungeon Overview and Level Annotations

Branches:
Dungeon (1/15)

Altars:


Innate Abilities, Weirdness & Mutations

You are resistant to torment.
Your stone body is resilient. (AC +2)
You are immune to poison.
You resist negative energy. (rN+)
You are resistant to electric shocks. (rElec)
You can survive without breathing.
You are immune to petrification.
You are immune to rotting.


Message History

You hit the giant cockroach but do no damage.
The giant cockroach is severely wounded.
The giant cockroach bites you.
You hit the giant cockroach.
The giant cockroach is almost dead.
The giant cockroach bites you.
You barely miss the giant cockroach.
The giant cockroach is almost dead.
The giant cockroach misses you.
You hit the giant cockroach but do no damage.
The giant cockroach is almost dead.
The giant cockroach barely misses you.
You closely miss the giant cockroach.
The giant cockroach is almost dead.
The giant cockroach closely misses you. The giant cockroach bites you.
* * * LOW HITPOINT WARNING * * *
You barely miss the giant cockroach.
The giant cockroach is almost dead.
The giant cockroach bites you.
You die... ██ ••• █ •• • ██•█• ███• •••█•████████•••• ••••••••••••••█ █••••••••••█ █•••••••••████ ███•██s@•••••█ ██•██••••██••• ████ ██••██••••█ █•≈██████ █••███•••••• ≈≈≈≈█•≈≈███•██ █••••███ ≈PPP≈██≈•██•██ █••••█ •PP≈••••P██••█ █•████ •P≈•≈•P••••••███• •≈•••PPP≈••≈••█

You could see a giant cockroach.

Vanquished Creatures
  A rat (D:1)
1 creature vanquished.

Notes
Turn   | Place    | Note
-------+----------+-------------------------------------------
     0 | D:1      | Corto the Gargoyle Earth Elementalist began the quest for
                  | the Orb.
     0 | D:1      | Reached XP level 1. HP: 10/10 MP: 3/3
    43 | D:1      | Slain by a giant cockroach

Illustrated notes

Levels and vault maps discovered:
D:1:      lemuel_arrival_muddy, layout_rooms, minmay_strange_pillars,
          ashenzari_altar_1

Action                   || total
-------------------------++-------
Melee: Unarmed           ||    16
Armor: Robe              ||     2
Dodge: Dodged            ||    10

Table legend: (Time is in decaauts)
 A = Elapsed time spent in this place.
 B = Non-inter-level travel time spent in this place.
 C = Inter-level travel time spent in this place.
 D = Time resting spent in this place.
 E = Time spent auto-exploring this place.
 F = Levels seen in this place.
 G = Mean time per level.
                   A        B        C        D        E       F      G
               +--------+--------+--------+--------+--------+-----+--------+
         Total |     43 |     43 |      0 |      0 |     12 |   1 |   43.0 |
       Dungeon |     43 |     43 |      0 |      0 |     12 |   1 |   43.0 |
               +--------+--------+--------+--------+--------+-----+--------+
